 Dungeon Crawl Stone Soup version 0.21.1-1-g345015f (webtiles) character file.

96 inmateoo the Chiller (level 4, -5/34 HPs)
             Began as a Demigod Ice Elementalist on Feb 10, 2018.
             Slain by a gnoll
             ... wielding a +0 halberd
              (8 damage)
             ... on level 2 of the Dungeon.
             The game lasted 00:04:20 (1849 turns).

inmateoo the Chiller (Demigod Ice Elementalist)     Turns: 1849, Time: 00:04:21

Health: -5/34      AC:  2    Str:  8 (11) XL:     4   Next: 18%
Magic:  6/10       EV: 13    Int: 18 (21) God:
Gold:   124        SH:  0    Dex: 15 (16) Spells: 2/8 levels left

rFire    . . .     SeeInvis .   (no weapon)
rCold    . . .     Gourm    .   (no shield)
rNeg     . . .     Faith    .   a - +0 robe
rPois    .         Spirit   .   (no helmet)
rElec    .         Reflect  .   j - scarf {repulsion}
rCorr    .         Harm     .   (no gloves)
MR       .....                  (no boots)
Stlth    ++........             (no amulet)
HPRegen  0.11/turn              (no ring)
MPRegen  0.12/turn              (no ring)

@: lethally poisoned (-5 -> -8), repel missiles
A: high mp 1
a: no special abilities


You were on level 2 of the Dungeon.
You were not hungry.

You visited 1 branch of the dungeon, and saw 2 of its levels.

You collected 124 gold pieces.

Inventory:

Hand Weapons
 l - a cursed -1 dagger
Armour
 a - a +0 robe (worn)
 i - a +0 shield
 j - a scarf of repulsion (worn)
Scrolls
 d - a scroll of identify {unknown}
 e - 4 scrolls of remove curse {unknown}
 f - a scroll of magic mapping {unknown}
 g - 2 scrolls of fear {unknown}
Potions
 k - a potion of might {unknown}
Books
 b - a book of Frost

   Spells                             Type                      Level
   a - Freeze                         Ice                          1
   b - Throw Frost                    Conjuration/Ice              2
   c - Ozocubu's Armour               Charms/Ice                   3
   d - Throw Icicle                   Conjuration/Ice              4
   e - Summon Ice Beast               Ice/Summoning                4
Comestibles
 c - 7 rations


   Skills:
 * Level 0.8 Fighting
 + Level 2.1 Dodging
 + Level 1.9 Stealth
 + Level 2.6 Spellcasting
 + Level 0.8 Conjurations
 * Level 3.8 Ice Magic


You had 2 spell levels left.
You knew the following spells:

 Your Spells              Type           Power        Failure   Level  Hunger
a - Freeze                Ice            ###.         3%          1    #......
b - Throw Frost           Conj/Ice       ##....       10%         2    ##.....
c - Ozocubu's Armour      Chrm/Ice       #.......     24%         3    ###....


Dungeon Overview and Level Annotations

Branches:
Dungeon (2/15)


Innate Abilities, Weirdness & Mutations

You have an increased reservoir of magic. (+10% MP)


Message History

The adder is heavily wounded.
The adder bites you.
* * * LOW HITPOINT WARNING * * *
You are lethally poisoned!
The adder poisons you!
Casting: Freeze
Confirm with . or Enter, or press ? or * to list all spells.
Aiming: Freeze
Press: ? - help, Shift-Dir - straight line, f/p - adder
Aim: an adder (heavily wounded, slow)
You freeze the adder.
The adder seems to slow down.
The adder is heavily wounded.
* * * LOW HITPOINT WARNING * * *
You feel sick.
It was a potion of degeneration.
There was something very wrong with that liquid.
You feel weakened.
You feel dopey.
You feel clumsy. The adder bites you but does no damage.
The gnoll hits you from afar with a halberd!
You die...

####... .......# .......
......# ....... ##.....#
....... .+...g.#
.......####.#.....####g.
..........>..........g..
........##..# #gg.S#
####'#.....# #S####
#.........####@# #
#.......).#.รท..######...
....
#.......)...............
....
#.........#...#######...
.%.. #.........###<...#
.... #.........# #....#
#### #.........# #....#
#.........# #....#
########### ######


You could see 3 gnolls and an adder.

Vanquished Creatures
  Natasha (D:2)
  A gnoll (D:2)
  2 adders (D:2)
  A dart slug (D:1)
  3 leopard geckos (D:1)
  6 bats
  2 giant cockroaches
  3 goblins
  5 hobgoblins
  4 jackals (D:2)
  A quokka (D:2)
  A frilled lizard (D:2)
  4 kobolds
  3 rats (D:1)
37 creatures vanquished.

Notes
Turn   | Place    | Note
-------+----------+-------------------------------------------
     0 | D:1      | inmateoo the Demigod Ice Elementalist began the quest for the Orb.
     0 | D:1      | Reached XP level 1. HP: 14/14 MP: 5/5
   140 | D:1      | Reached skill level 3 in Ice Magic
   301 | D:1      | Reached XP level 2. HP: 20/20 MP: 4/7
  1375 | D:2      | Reached XP level 3. HP: 18/27 MP: 3/8
  1479 | D:2      | Noticed an ogre
  1590 | D:1      | Learned a level 2 spell: Throw Frost
  1594 | D:1      | Learned a level 3 spell: Ozocubu's Armour
  1596 | D:2      | Noticed Natasha
  1602 | D:2      | Killed Natasha
  1756 | D:2      | Reached XP level 4. HP: 29/34 MP: 5/10
  1849 | D:2      | Slain by a gnoll

Skill      XL: |  1  2 |
---------------+-------+-----
Ice Magic      | 3 |  3.8
Dodging        | 2 |  2.1
Spellcasting   | 2 |  2.6
Fighting       | |  0.8
Stealth        | |  1.9
Conjurations   | |  0.8

Action                   |  1- 3 |  4- 6 || total
-------------------------+-------+-------++-------
Melee: Unarmed           |     8 |       ||     8
 Cast: Freeze            |    62 |     6 ||    68
  Use: Potion            |       |     1 ||     1
  Eat: Chunk             |     3 |       ||     3
Armor: Robe              |    19 |     1 ||    20
Dodge: Dodged            |    69 |     2 ||    71
       Deflected         |     2 |       ||     2
